 Dungeon Sprint DCSS version 0.29-a0-563-g64e4043184 (webtiles) character file.

Game seed: 15924036446994060163

1236 mhtbhm the Covert (level 8, -1/106 HPs)
             Began as a Palentonga Brigand on June 11, 2022.
             Was an Initiate of Gozag.
             Slain by a fire elemental (10 damage)
             ... summoned by a deep elf pyromancer
             ... in the Dungeon (Sprint IX: "|||||||||||||||||||||||||||||").
             The game lasted 00:01:50 (995 turns).

mhtbhm the Covert (Palentonga Brigand)               Turns: 995, Time: 00:01:50

Health: -1/106     AC: 13    Str: 16    XL:     8   Next: 24%
Magic:  8/8        EV: 11    Int: 12    God:    Gozag
Gold:   262        SH:  0    Dex: 12    Spells: 7/7 levels left

rFire   . . .      SeeInvis +   a - +2 dagger
rCold   . . .      Faith    .   (no shield)
rNeg    . . .      Spirit   .   b - +0 robe
rPois   .          Reflect  .   o - +0 helmet
rElec   .          Harm     .   c - +0 cloak
rCorr   .          Rampage  .   (no gloves)
Will    .....      NoTele   +   (no barding)
Stlth   ..........              (no amulet)
HPRegen 0.27/turn               (no ring)
MPRegen 0.11/turn               (no ring)

@: berserking, curled up, very quick
A: large, rugged brown scales 3, see invisible, deformed body, roll 1, armoured
tail, reflexive curl
a: Rolling Charge, Renounce Religion, Potion Petition, Call Merchant, Bribe
Branch


You were in the Dungeon.
You worshipped Gozag.
Gozag was aware of your devotion.
You visited 1 branch You collected 522 gold pieces.
You paid 260 gold pieces to Gozag.

Inventory:

Hand Weapons
 a - a +2 dagger (weapon)
Missiles
 d - 15 poisoned darts (quivered)
 e - 3 curare-tipped darts
Armour
 b - a +0 robe (worn)
 c - a +0 cloak (worn)
 n - a +0 cloak
 o - a +0 helmet (worn)
Jewellery
 p - a +3 ring of dexterity
 q - a +2 ring of evasion
Wands
 m - a wand of iceblast (10)
Scrolls
 k - a scroll of blinking
 l - 2 scrolls of amnesia
Potions
 f - 4 potions of curing
 i - 4 potions of magic
 j - a potion of heal wounds


   Skills:
 + Level 7.1 Fighting
 + Level 8.2 Short Blades
 + Level 3.5 Throwing
 + Level 4.2 Dodging
 + Level 10.8 Stealth


You had 7 spell levels left.
You didn't know any spells.
Your spell library was empty.

Dungeon Overview and Level Annotations

Branches:
Dungeon (1/1)

Altars:
Cheibriados
Dithmenos
Elyvilon
Fedhas
Gozag
Hepliaklqana
Kikubaaqudgha
Makhleb
Nemelex Xobeh
Okawaru
Qazlal
Ru
Sif Muna
Trog
Uskayaw
Vehumet
Wu Jian
Xom
Yredelemnul
Zin
The Shining One
Beogh
Jiyva
Lugonu


Innate Abilities, Weirdness & Mutations

You are completely covered in rugged brown scales. (AC +3, +7% HP)
You have supernaturally acute eyesight. (SInv)
Armour fits poorly on your strangely shaped body.
You can roll at nearby foes to attack.
You have a long armoured tail.
You curl defensively after being hit. (AC +7*)


Message History

The white ugly thing is no longer distracted by gold.
The deep elf pyromancer gestures wildly while chanting.
The deep elf pyromancer blinks!
You puncture the fire elemental!
The fire elemental is almost destroyed.
The fire elemental hits you. The fire elemental burns you!
* * * LOW HITPOINT WARNING * * *
Unknown command.
You hit the fire elemental.
The fire elemental is almost destroyed.
The white ugly thing basks in the mutagenic energy from its kin and changes!
Unknown command.
You puncture the fire elemental!
You destroy the fire elemental!
The fire elemental disappears in a puff of smoke!
The white ugly thing basks in the mutagenic energy from its kin and changes!
Unknown command.
Unknown command.
You hit the fire elemental.
The fire elemental is lightly damaged.
You barely miss the fire elemental.
The fire elemental is lightly damaged.
The fire elemental barely misses you.
Unknown command.
You hit the fire elemental.
The fire elemental is moderately damaged.
The fire elemental is no longer distracted by gold.
You puncture the fire elemental!
The fire elemental is severely damaged.
The fire elemental hits you. The fire elemental burns you!
* * * LOW HITPOINT WARNING * * *
The fire elemental closely misses you.
Unknown command.
You closely miss the fire elemental.
The fire elemental is severely damaged.
You puncture the fire elemental!
The fire elemental is almost destroyed.
The fire elemental hits you. The fire elemental burns you!
You die...
Your body crumbles into a pile of gold.

▓.▓
$
▓.▓
▓[▓
$
▓.▓
▓.▓
$ $
▓'▓
▓.▓
$ $
▓E▓
$
▓@▓
$ $
▓E▓
$
▓°▓
$
▓u▓
▓'▓
▓u▓
▓W▓
▓h▓
▓.▓


You could see 2 ugly things, a polar bear shaped shifter, 2 fire elementals and
a shadow (invisible).

Vanquished Creatures
  A two-headed ogre (D)
  A shadow (D)
  A yak (D)
  A black bear (D)
  A centaur (D)
  A phantom (D)
  A kobold brigand (D)
  2 gnoll sergeants (D)
  A necrophage (D)
  A scorpion (D)
  An orc (D)
  2 ball pythons (D)
  A bat (D)
  2 kobolds (D)
17 creatures vanquished.

Notes
Turn   | Place    | Note
-------+----------+-------------------------------------------
     0 | D        | mhtbhm the Palentonga Brigand began the quest for the Orb.
     0 | D        | Reached XP level 1. HP: 17/17 MP: 1/1
    14 | D        | Reached skill level 3 in Stealth
    67 | D        | Noticed a black bear
    67 | D        | Noticed a phantom
    67 | D        | Noticed a scorpion
    67 | D        | Noticed a necrophage
    74 | D        | Killed a black bear
    75 | D        | Reached skill level 1 in Dodging
    75 | D        | Reached skill level 6 in Stealth
    75 | D        | Reached XP level 2. HP: 8/25 MP: 2/2
    75 | D        | Reached XP level 3. HP: 10/31 MP: 3/3
    75 | D        | Reached XP level 4. HP: 13/37 MP: 4/4
    80 | D        | Killed a phantom
    81 | D        | Reached skill level 7 in Stealth
    81 | D        | Reached XP level 5. HP: 12/44 MP: 5/5
   450 | D        | Reached skill level 5 in Short Blades
   450 | D        | Reached skill level 8 in Stealth
   450 | D        | Reached XP level 6. HP: 34/52 MP: 6/6
   454 | D        | Found a snail-covered altar of Cheibriados.
   454 | D        | Found a shadowy altar of Dithmenos.
   454 | D        | Found a white marble altar of Elyvilon.
   454 | D        | Found a blossoming altar of Fedhas.
   454 | D        | Found an opulent altar of Gozag.
   455 | D        | Found a hazy altar of Hepliaklqana.
   456 | D        | Found a viscous altar of Jiyva.
   457 | D        | Found an ancient bone altar of Kikubaaqudgha.
   458 | D        | Found a corrupted altar of Lugonu.
   459 | D        | Found a burning altar of Makhleb.
   460 | D        | Found a sparkling altar of Nemelex Xobeh.
   461 | D        | Found an iron altar of Okawaru.
   462 | D        | Found a stormy altar of Qazlal.
   463 | D        | Found a sacrificial altar of Ru.
   464 | D        | Found a shimmering blue altar of Sif Muna.
   465 | D        | Found a bloodstained altar of Trog.
   466 | D        | Found a hide-covered altar of Uskayaw.
   467 | D        | Found a radiant altar of Vehumet.
   474 | D        | Became a worshipper of Gozag Ym Sagoz the Greedy
   481 | D        | Found an ornate altar of the Wu Jian Council.
   482 | D        | Found a shimmering altar of Xom.
   483 | D        | Found a basalt altar of Yredelemnul.
   484 | D        | Found a glowing silver altar of Zin.
   485 | D        | Found a glowing golden altar of the Shining One.
   601 | D        | Noticed a yak
   601 | D        | Noticed a two-headed ogre
   611 | D        | Killed a yak
   612 | D        | Reached skill level 5 in Fighting
   612 | D        | Reached skill level 9 in Stealth
   618 | D        | Killed a two-headed ogre
   619 | D        | Reached skill level 10 in Stealth
   619 | D        | Gained mutation: You curl defensively after being hit. (AC
                  | +7*) [Palentonga growth]
   619 | D        | Reached XP level 7. HP: 55/63 MP: 7/7
   643 | D        | Reached XP level 8. HP: 37/69 MP: 8/8
   927 | D        | Noticed a deep elf pyromancer
   927 | D        | Noticed a white ugly thing
   927 | D        | Noticed a cyan ugly thing
   951 | D        | Noticed a polar bear
   951 | D        | a hog changed into a polar bear
   995 | D        | Slain by a fire elemental

Illustrated notes

Levels and vault maps discovered:
D:        linesprint [early_d, line_temple, items_1, d_10, items_2, lair_1,
          lair_end, items_3, orc_1, orc_end, items_4, d_15, swamp_1, shoals_1,
          snake_1, spider_1, d_20, vaults_1, items_5, swamp_end, shoals_end,
          snake_end, spider_end, vaults_end, d_27, items_6, zot_1, zot_end,
          crypt_end, forest_end, elf_end, slime_end, tomb_end, abyss_end,
          pan_hell_end]

Skill      XL: |  1  2  3  4  5  6  7  8 |
---------------+-------------------------+-----
Stealth        | 6 7 8 10 | 10.8
Fighting       | 3 4 6 7 |  7.1
Short Blades   | 3 4 5 7 8 |  8.2
Throwing       | 2 3 |  3.5
Dodging        | 1 2 3 4 |  4.2

Action                   |  1- 3 |  4- 6 |  7- 9 || total
-------------------------+-------+-------+-------++-------
Melee: Dagger            |    23 |    45 |   109 ||   177
       Tailslap          |     2 |     6 |    15 ||    23
       Punch             |       |     1 |       ||     1
Invok: Potion Petition   |       |       |     1 ||     1
 Abil: Rolling Charge    |     1 |     1 |       ||     2
  Use: Potion            |     2 |     1 |     3 ||     6
       Scroll            |       |       |     1 ||     1
 Stab: Invisible         |       |     3 |     2 ||     5
Armor: Robe              |     9 |     8 |    20 ||    37
Dodge: Dodged            |    11 |    19 |    31 ||    61

Table legend: (Time is in decaauts)
 A = Elapsed time spent in this place.
 B = Non-inter-level travel time spent in this place.
 C = Inter-level travel time spent in this place.
 D = Time resting spent in this place.
 E = Time spent auto-exploring this place.
 F = Levels seen in this place.
 G = Mean time per level.
                   A        B        C        D        E       F      G
               +--------+--------+--------+--------+--------+-----+--------+
         Total |    931 |    931 |      0 |    682 |      3 |   1 |  931.0 |
       Dungeon |    931 |    931 |      0 |    682 |      3 |   1 |  931.0 |
               +--------+--------+--------+--------+--------+-----+--------+

Top non-repeatable levels by time:
       D: 931 daAuts
